 Dungeon Crawl Stone Soup version 0.24-a0-408-gcc1054c7ca (webtiles) character file.

Game seed: 14378292367370281103

1983 Peloso the Carver (level 9, 0/75 HPs)
             Began as a Minotaur Fighter on June 5, 2019.
             Was an Initiate of Okawaru.
             Slain by a gnoll
             ... wielding a +0 club
              (5 damage)
             ... on level 3 of the Dungeon.
             The game lasted 00:13:54 (5959 turns).

Peloso the Carver (Minotaur Fighter)                Turns: 5959, Time: 00:13:55

Health: 0/75       AC: 11    Str: 24    XL:     9   Next: 1%
Magic:  8/8        EV:  6    Int:  5    God:    Okawaru [......]
Gold:   125        SH: 11    Dex: 12    Spells: 8/8 levels left

rFire    . . .     SeeInvis .   a - +4 scimitar
rCold    . . .     Gourm    .   c - +0 shield
rNeg     . . .     Faith    .   y - +0 plate armour
rPois    .         Spirit   .   m - +1 hat
rElec    .         Reflect  .   (no cloak)
rCorr    .         Harm     .   (no gloves)
MR       .....                  E - +0 pair of boots {run}
Stlth    ..........             (no amulet)
HPRegen  0.22/turn              n - +2 ring of dexterity
MPRegen  0.11/turn              r - ring of flight

@: lethally poisoned (0 -> -1), corroded, quick
A: retaliatory headbutt, horns 2
a: Renounce Religion, Evoke Flight


You were on level 3 of the Dungeon.
You worshipped Okawaru.
Okawaru was noncommittal.
You were not hungry.

You visited 2 branches of the dungeon, and saw 7 of its levels.

You collected 335 gold pieces.
You spent 210 gold pieces at shops.

Inventory:

Hand Weapons
 a - a +4 scimitar (weapon)
Armour
 b - a +0 scale mail
 c - a +0 shield (worn)
 m - a +1 hat (worn)
 s - a +0 chain mail
 y - a +0 plate armour (worn)
 E - a +0 pair of boots of running (worn)
Jewellery
 n - a +2 ring of dexterity (left hand)
 r - a ring of flight (right hand)
Wands
 u - a wand of flame (19)
Scrolls
 e - a scroll of random uselessness {unknown}
 g - 4 scrolls of amnesia {unknown}
 j - 4 scrolls of remove curse {unknown}
 k - 9 scrolls of identify {unknown}
 l - 3 scrolls of fog {unknown}
 o - a scroll of teleportation {unknown}
 p - a scroll of magic mapping {unknown}
 q - a scroll of fear {unknown}
 t - 2 scrolls of noise {unknown}
 B - 2 scrolls of enchant armour {unknown}
 D - a scroll of vulnerability {unknown}
 H - 2 scrolls of enchant weapon {unknown}
Potions
 d - a potion of brilliance {unknown}
 i - a potion of lignification {unknown}
 v - 4 potions of haste
 w - a potion of cancellation {unknown}
 x - a potion of magic {unknown}
 z - a potion of curing {unknown}
 A - a potion of degeneration {unknown}
 C - 2 potions of ambrosia {unknown}
 F - a potion of invisibility {unknown}
Comestibles
 f - 10 rations


   Skills:
 + Level 6.2 Fighting
 + Level 9.0 Long Blades
 + Level 7.2 Armour
 + Level 1.5 Dodging
 + Level 1.4 Stealth
 + Level 7.8 Shields


You had 8 spell levels left.
You didn't know any spells.
Your spell library contained the following spells:

 Spells                   Type           Power        Failure   Level  Hunger
 Animate Skeleton         Necr           N/A          100%        1    ##.....
 Apportation              Tloc           #.....       100%        1    ##.....
 Confusing Touch          Hex            #.....       100%        1    ##.....
 Freeze                   Ice            #...         100%        1    ##.....
 Summon Small Mammal      Summ           #...         100%        1    ##.....
 Throw Frost              Conj/Ice       #.....       100%        2    ###....
 Ozocubu's Armour         Chrm/Ice       #.......     100%        3    ####...
 Summon Ice Beast         Ice/Summ       #.......     100%        4    #####..
 Throw Icicle             Conj/Ice       #.......     100%        4    #####..


Dungeon Overview and Level Annotations

Branches:
Dungeon (6/15)             Temple (1/1) D:6

Altars:
Kikubaaqudgha
Nemelex Xobeh
Okawaru
Qazlal
Vehumet
Wu Jian

Shops:
D:6 [


Innate Abilities, Weirdness & Mutations

You reflexively headbutt those who attack you in melee.
You have a pair of horns on your head.


Message History

The acid corrodes you!
You are splashed with acid!
You slash the gnoll! Your headbutt misses the gnoll.
The gnoll is almost dead.
You feel sick.
The gnoll hits you from afar with a +2 spear of venom.
You block the gnoll's attack.
The gnoll zaps a wand.
The bolt of acid hits you!
You are splashed with acid!
* * * LOW HITPOINT WARNING * * *
The gnoll hits you with a +0 halberd.
* * * LOW HITPOINT WARNING * * *
You slash the gnoll!
You kill the gnoll!
Okawaru accepts your kill. You block the gnoll's attack.
The gnoll hits you but does no damage.
Unknown command.
You hit the gnoll but do no damage.
The gnoll is almost dead.
You feel sick. The gnoll hits you but does no damage.
You block the gnoll's attack. The gnoll hits you with a +0 club.
You die...

#.≈≈≈≈≈≈≈≈≈≈≈...≈≈≈≈≈≈≈≈≈≈≈.[.#
#.≈≈#####...........#####≈≈.#.#
#.≈≈#.#.#.###.©.###.#.#.#≈≈.#.#
#.≈≈#g..###.#####.###...#≈≈.#.#
##.≈≈###...............###≈≈.#.#
#..≈≈.8#.######'###'##.#8.≈≈....
#..≈≈.##.#...#8..#P.P#.##.≈≈.###
#..≈≈.#..'.$:#⌠©)....'..#.≈≈.# #
#..≈≈.##.#...#8@g#.)P#.##(≈≈.###
#..≈≈.8#.######g###)##.#8.≈≈....
#..≈≈###......)g.......###≈≈..##
#..≈≈#...###©#####.###...#≈≈..##
#..≈≈#.#.#.###.©.###.#.#.#≈≈....
#..≈≈#####...........#####≈≈..##
#..≈≈≈≈≈≈≈≈≈≈≈≈≈≈≈≈≈≈≈≈≈≈≈≈≈..##
#..≈≈≈≈≈≈≈≈≈≈≈≈≈≈≈≈≈≈≈≈≈≈≈≈≈....
#............................##.


You could see 3 gnolls.

Vanquished Creatures
  2 orc warriors (D:6)
  A phantom (D:5)
  2 ice beasts
  3 ogres
  The ghost of Gargoyl the Skirmisher, an amateur CeAK of Lugonu (D:3)
  A centaur (D:6)
  A bullfrog (D:6)
  A scorpion (D:4)
  5 wights (D:6)
  A howler monkey (D:4)
  A crimson imp (D:4)
  A bullfrog zombie (D:5)
  A gnoll shaman (D:4)
  An orc priest (D:6)
  7 orc wizards
  A centaur skeleton (D:5)
  An iguana (D:6)
  A worker ant (D:6)
  A worker ant zombie (D:6)
  Robin (D:3)
  10 gnolls
  9 adders
  2 oozes
  An adder skeleton (D:5)
  2 worms (D:2)
  A dart slug (D:2)
  A leopard gecko (D:4)
  23 orcs
  5 bats
  10 giant cockroaches
  23 goblins
  9 hobgoblins
  12 jackals
  3 quokkas
  2 ball pythons
  6 frilled lizards
  6 kobolds
  A leopard gecko skeleton (D:4)
  7 rats
167 creatures vanquished.

Vanquished Creatures (others)
  2 gnolls (D:3)
  3 plants (D:3)
5 creatures vanquished.

Grand Total: 172 creatures vanquished

Notes
Turn   | Place    | Note
-------+----------+-------------------------------------------
     0 | D:1      | Peloso the Minotaur Fighter began the quest for the Orb.
     0 | D:1      | Reached XP level 1. HP: 19/19 MP: 0/0
   301 | D:1      | Reached XP level 2. HP: 27/27 MP: 1/1
   602 | D:2      | Reached XP level 3. HP: 26/33 MP: 2/2
   642 | D:2      | You fall into a shaft and drop 2 floors!
   681 | D:4      | Reached skill level 3 in Long Blades
   684 | D:4      | Reached XP level 4. HP: 22/40 MP: 3/3
   699 | D:4      | Reached skill level 1 in Dodging
   904 | D:4      | Reached XP level 5. HP: 43/46 MP: 4/4
   985 | D:4      | Reached skill level 4 in Long Blades
   985 | D:4      | Reached skill level 5 in Armour
  1031 | D:4      | You fall into a shaft and drop 1 floor!
  1031 | D:5      | Entered Level 5 of the Dungeon
  1035 | D:5      | Noticed an ice beast
  1048 | D:5      | Killed an ice beast
  1048 | D:5      | Reached skill level 1 in Stealth
  1048 | D:5      | Reached XP level 6. HP: 27/53 MP: 5/5
  2013 | D:2      | Reached skill level 5 in Long Blades
  2185 | D:3      | Reached skill level 5 in Shields
  2554 | D:3      | Noticed Robin
  2584 | D:3      | Killed Robin
  2825 | D:3      | Found a transporter.
  2837 | D:3      | Reached XP level 7. HP: 60/60 MP: 6/6
  2854 | D:3      | Noticed Gargoyl's ghost (amateur CeAK)
  2943 | D:3      | Found a transporter.
  3175 | D:4      | Reached skill level 6 in Long Blades
  3309 | D:4      | Reached skill level 5 in Fighting
  4255 | D:5      | Reached XP level 8. HP: 69/69 MP: 7/7
  4406 | D:6      | Reached skill level 7 in Long Blades
  4480 | D:6      | Found Bore's Antique Armour Shoppe.
  4483 | D:6      | Bought a pair of runed boots for 210 gold pieces
  4490 | D:6      | Identified a +0 pair of boots of running (You bought it in
                  | a shop on level 6 of the Dungeon)
  4811 | D:6      | Reached skill level 8 in Long Blades
  5139 | D:6      | Found a staircase to the Ecumenical Temple.
  5148 | Temple   | Entered the Ecumenical Temple
  5157 | Temple   | Became a worshipper of Warmaster Okawaru
  5181 | D:6      | Noticed an angel
  5379 | D:6      | Noticed a rust devil
  5618 | D:3      | Killed Gargoyl's ghost
  5618 | D:3      | Reached skill level 9 in Long Blades
  5618 | D:3      | Reached XP level 9. HP: 31/75 MP: 8/8
  5959 | D:3      | Slain by a gnoll

Levels and vault maps discovered:
D:1:      tarquinn_simple_flora_water_e, layout_basic, hangedman_decor_lopped
D:2:      layout_basic, minmay_mini_jars
D:3:      kennysheep_goblin_castle, layout_loops_ring,
          gammafunk_ghost_gnarly_gnolls, grunt_ministairs_6
D:4:      layout_loops_ring
D:5:      layout_gridville, first_ration, minivault_19, feat_on_display
D:6:      layout_cave_pods, temple_garden, serial_shops, kennysheep_mini,
          minmay_stone_trees_small
Temple:   dshaligram_water_room_temple

Skill      XL: |  1  2  3  4  5  6  7  8 |
---------------+-------------------------+-----
Armour         | 4 5 6 7 |  7.2
Shields        | 4 5 6 7 |  7.8
Fighting       | 4 5 6 |  6.2
Long Blades    | 3 4 5 6 9 |  9.0
Dodging        | 1 |  1.5
Stealth        | 1 |  1.4

Action                   |  1- 3 |  4- 6 |  7- 9 || total
-------------------------+-------+-------+-------++-------
Melee: Long sword        |    41 |   179 |   186 ||   406
       Headbutt          |     8 |    41 |    47 ||    96
       Scimitar          |       |       |    16 ||    16
  Use: Potion            |     1 |       |     7 ||     8
  Eat: Chunk             |       |     6 |     8 ||    14
       Ration            |       |       |     1 ||     1
Armor: Scale mail        |    18 |     9 |       ||    27
       Chain mail        |       |    78 |       ||    78
       Plate armour      |       |     3 |   108 ||   111
Dodge: Dodged            |    20 |    44 |    40 ||   104
Block: Shield            |    18 |   110 |   120 ||   248
       Rpst.: Long sword |     5 |    16 |     4 ||    25
       Scimitar          |       |       |     2 ||     2

Table legend:
 A = Non-vault XP
 B = Vault XP
 C = Vault XP percentage of total XP
 D = Non-vault monster count
 E = Vault monster count
 F = Vault count percentage of total count
                 A         B        C        D         E       F
            +---------+---------+-------+---------+---------+-------
      Total |    2585 |     249 |   8.8 |     132 |      35 |  21.0
            +---------+---------+-------+---------+---------+-------
        D:1 |      26 |       0 |   0.0 |      13 |       0 |   0.0
        D:2 |      74 |      44 |  37.3 |      20 |      10 |  33.3
        D:3 |     184 |     205 |  52.7 |      21 |      25 |  54.3
        D:4 |     553 |       0 |   0.0 |      22 |       0 |   0.0
        D:5 |     532 |       0 |   0.0 |      27 |       0 |   0.0
        D:6 |    1216 |       0 |   0.0 |      29 |       0 |   0.0
            +---------+---------+-------+---------+---------+-------
